 Dungeon Crawl Stone Soup version 0.28.0-1-gb440e238dd (webtiles) character file.

Game seed: 13644528973388969747

1246 issech the Cudgeller (level 8, -31/79 HPs)
             Began as a Troll Monk on Feb 21, 2022.
             Killed from afar by Ijyb (40 damage)
             ... with a bolt of acid
             ... on level 5 of the Dungeon.
             The game lasted 00:17:43 (4840 turns).

issech the Cudgeller (Troll Monk)                   Turns: 4840, Time: 00:17:46

Health: -31/79     AC:  7    Str: 20    XL:     8   Next: 25%
Magic:  7/7        EV: 11    Int:  6    God:
Gold:   207        SH:  0    Dex: 14    Spells: 7/7 levels left

rFire   . . .      SeeInvis .   A - +2 mace (drain)
rCold   . . .      Faith    .   (no shield)
rNeg    + . .      Spirit   .   t - +2 robe {rN+}
rPois   .          Reflect  .   (helmet restricted)
rElec   .          Harm     .   r - +0 cloak
rCorr   .          Rampage  .   (gloves unavailable)
Will    .....                   (boots unavailable)
Stlth   ++........              o - amulet of magic regeneration
HPRegen 1.03/turn               (no ring)
MPRegen 0.50/turn               (no ring)

@: no status effects
A: large, unfitting armour, claws 3, regeneration 1, shaggy fur 1, tough skin 1
a: no special abilities


You were on level 5 of the Dungeon.
You visited 1 branch of the dungeon, and saw 5 of its levels.
You also visited: Sewer.

You collected 207 gold pieces.

Inventory:

Hand Weapons
 a - a +0 mace
 q - a +3 quarterstaff of chaos
 x - a +0 short sword of freezing
 y - a +0 flail
 A - a +2 mace of draining (weapon)
 I - a +2 war axe of venom
 K - a +1 dire flail of holy wrath
Missiles
 f - 78 stones
 g - 6 poisoned darts
 i - 116 bolts
 j - 2 boomerangs
 k - 6 atropa-tipped darts
 p - 33 arrows
 w - 3 large rocks (quivered)
 C - 23 sling bullets
 J - a throwing net
Armour
 b - a +0 robe
 r - a +0 cloak (worn)
 t - a +2 robe of positive energy (worn)
 B - a +1 robe of positive energy
Jewellery
 o - an amulet of magic regeneration (around neck)
Scrolls
 d - a scroll of immolation {unknown}
 h - 4 scrolls of teleportation {unknown}
 l - a scroll of fear {unknown}
 m - 3 scrolls of enchant weapon
 u - 2 scrolls of magic mapping
 v - a scroll of blinking
 z - 2 scrolls of fog {unknown}
 G - a scroll of acquirement {unknown}
Potions
 c - 7 potions of heal wounds {unknown}
 e - a potion of brilliance {unknown}
 n - 2 potions of degeneration {unknown}
 s - a potion of haste {unknown}
 D - 2 potions of might {unknown}
 E - a potion of invisibility {unknown}
 F - 3 potions of magic {unknown}
 H - a potion of cancellation {unknown}
 L - a potion of attraction {unknown}
 M - a potion of mutation {unknown}


   Skills:
 + Level 4.6 Fighting
 + Level 5.6(6.1) Maces & Flails
 + Level 3.2(4.6) Staves
 + Level 4.6 Dodging
 + Level 1.8 Stealth


You had 7 spell levels left.
You didn't know any spells.
Your spell library contained the following spells:

 Spells                   Type           Power      Damage    Failure   Level
 Corpse Rot               Necr/Air       0%         N/A       58%         2
 Poisonous Vapours        Pois/Air       0%         N/A       58%         2
 Conjure Flame            Conj/Fire      0%         6-21      83%         3
 Ignite Poison            Fire/Tmut/Pois 0%         N/A       83%         3
 Sticky Flame             Conj/Fire      0%         2d3       99%         4


Dungeon Overview and Level Annotations

Branches:
Dungeon (5/15)              Sewer (visited)
 Temple: D:4-7

Altars:
Dithmenos
Wu Jian
The Shining One

Annotations:
D:5 Dowan, Ijyb


Innate Abilities, Weirdness & Mutations

You are too large for most types of armour.
You have claws for hands.
Your natural rate of healing is unusually fast.
You are covered in fur. (AC +1)
You have tough skin. (AC +1)


Message History

The killer bee zombie barely misses you.
You barely miss the killer bee zombie.
The killer bee zombie is almost destroyed.
The killer bee zombie misses you.
The killer bee zombie barely misses you.
You barely miss the killer bee zombie.
The killer bee zombie is almost destroyed.
The killer bee zombie misses you. The killer bee zombie hits you.
You sock the killer bee zombie!
You destroy the killer bee zombie!
Found a stone staircase leading down.
HP restored.
An adder comes into view.
You enter the shallow water.
Moving in this stuff is going to be slow.
Ijyb the Twisted Goblin comes into view.
She is wielding a +0 club and carrying a wand of acid (5).
Ijyb shouts!
You hear a shout!
The adder hisses angrily.
The adder bites you but does no damage.
Ijyb zaps a wand.
The bolt of acid misses the adder.
The bolt of acid hits you!!
You closely miss the adder. The adder bites you but does no damage.
Ijyb zaps a wand.
The bolt of acid hits the adder!!!
The adder dies!
The bolt of acid hits you!
Dowan, Brother of Duvessa comes into view.
He is wielding a +0 dagger and wearing a +1 robe of cold resistance.
Ijyb zaps a wand.
The bolt of acid hits you!!
* * * LOW HITPOINT WARNING * * *
You hit Ijyb. You drain Ijyb.
Ijyb is lightly wounded.
Dowan mumbles some strange words.
Dowan blinks!
Ijyb hits you with a +0 club.
* * * LOW HITPOINT WARNING * * *
You barely miss Ijyb.
Ijyb is lightly wounded.
Dowan points at you and mumbles some strange words.
The puff of flame hits you!
* * * LOW HITPOINT WARNING * * *
Ijyb zaps a wand.
The bolt of acid hits you!!!
Ouch! That really hurt!
You die...

### ###≈#### #.#≈#..#
#.#≈##.# #..≈.#.#
#..≈...#####
#######..≈.......#
#...e@..####.###.#
#...g...##.#.#<#.#####
.§......................
#.#.......#....#.#.#.###
# #.......#....#.#.#.#
#######......#...#.#
###....#####.#
#....#.....##+
#....#........


You could see Ijyb (drained) and Dowan.

Vanquished Creatures
  Sigmund (D:4)
  Menkaure (D:4)
  Edmund (D:4)
  A water moccasin (D:4)
  An orc warrior (D:4)
  A black bear (D:4)
  3 bullfrog skeletons
  4 jellies (Sewer)
  2 orc priests (D:5)
  Crazy Yiuf (D:2)
  An orc wizard (D:3)
  A killer bee zombie (D:5)
  5 adders
  3 river rats (Sewer)
  An ufetubus (D:4)
  4 worms
  4 dart slugs
  16 orcs
  10 ball pythons
  15 endoplasms
  6 giant cockroaches
  10 hobgoblins
  2 jackals (D:1)
  2 quokkas
  3 bats
  8 frilled lizards
  5 goblins
  4 kobolds
  12 rats
128 creatures vanquished.

Vanquished Creatures (others)
  An adder (D:5)
  2 plants (D:4)
3 creatures vanquished.

Grand Total: 131 creatures vanquished

Notes
Turn   | Place    | Note
-------+----------+-------------------------------------------
     0 | D:1      | issech the Troll Monk began the quest for the Orb.
     0 | D:1      | Reached XP level 1. HP: 22/22 MP: 0/0
    79 | D:1      | Found a faded altar of an unknown god.
   660 | D:1      | Reached XP level 2. HP: 29/29 MP: 1/1
  1057 | D:2      | Reached skill level 3 in Maces & Flails
  1122 | D:2      | Reached XP level 3. HP: 36/36 MP: 2/2
  1406 | D:2      | Found a runed translucent door.
  1407 | D:2      | Noticed Crazy Yiuf
  1903 | D:2      | Killed Crazy Yiuf
  1904 | D:2      | Reached XP level 4. HP: 42/44 MP: 3/3
  2072 | D:3      | Found a shadowy altar of Dithmenos.
  2189 | D:3      | Reached XP level 5. HP: 43/53 MP: 4/4
  2704 | D:3      | Reached skill level 1 in Staves
  2955 | D:4      | Noticed a water moccasin
  2967 | D:4      | Killed a water moccasin
  2968 | D:4      | Reached XP level 6. HP: 56/61 MP: 5/5
  3144 | D:4      | Noticed Sigmund
  3185 | D:4      | Killed Sigmund
  3186 | D:4      | Reached skill level 4 in Maces & Flails
  3261 | D:4      | Found a glowing drain.
  3293 | Sewer    | Entered a sewer
  3473 | Sewer    | Reached XP level 7. HP: 68/68 MP: 6/6
  3515 | Sewer    | Found a viscous altar of Jiyva.
  3709 | D:4      | Found an ornate altar of the Wu Jian Council.
  4022 | D:4      | Noticed Edmund
  4033 | D:4      | Killed Edmund
  4370 | D:5      | Entered Level 5 of the Dungeon
  4386 | D:5      | Noticed Menkaure
  4401 | D:4      | Reached skill level 5 in Maces & Flails
  4432 | D:4      | Killed Menkaure
  4433 | D:4      | Reached XP level 8. HP: 61/79 MP: 7/7
  4476 | D:5      | Found a glowing golden altar of the Shining One.
  4492 | D:5      | HP: 3/79 [orc (7)]
  4834 | D:5      | Noticed Ijyb
  4838 | D:5      | Noticed Dowan
  4840 | D:5      | Killed from afar by Ijyb

Illustrated notes

Levels and vault maps discovered:
D:1:      evilmike_arrival_rings, layout_basic,
          ebering_ecumenical_altar_petrified
D:2:      layout_basic, st_stairs_5, hex_medium, uniq_crazy_yiuf_cottage
D:3:      layout_loops_cross, nicolae_dithmenos_the_darkroom
D:4:      layout_loops_corners, mainiacjoe_overflow_boulevard,
          portal_sewer_entry_c, st_stairs_1, uniq_edmund, uniq_sigmund
D:5:      layout_basic, nicolae_tso_swordbearing_angel, kennysheep_little_box,
          serial_rivers, chequers_serial_rivers_micro_d,
          chequers_serial_rivers_small_3, chequers_serial_rivers_marsh,
          chequers_serial_rivers_micro_c, chequers_serial_rivers_micro_b,
          chequers_serial_rivers_room_b, uniq_duvessa, uniq_menkaure, uniq_ijyb

Skill      XL: |  1  2  3  4  5  6  7 |
---------------+----------------------+-----
Maces & Flails | 3 4 5 |  5.6
Dodging        | 3 4 |  4.6
Fighting       | 3 4 |  4.6
Staves         | 2 3 |  3.2
Stealth        | |  1.8

Action                   |  1- 3 |  4- 6 |  7- 9 || total
-------------------------+-------+-------+-------++-------
Melee: Mace              |    96 |    58 |   129 ||   283
       Quarterstaff      |       |   108 |       ||   108
       Punch             |       |     1 |     1 ||     2
Throw: Stone             |     2 |       |       ||     2
       Large rock        |       |       |     1 ||     1
  Use: Scroll            |       |     3 |       ||     3
 Stab: Sleeping          |       |     1 |     2 ||     3
Armor: Robe              |    34 |    79 |    55 ||   168
Dodge: Dodged            |    66 |   135 |   124 ||   325
